 Dungeon Crawl Stone Soup version 0.23.2-40-g277498a001 (webtiles) character file.

Game seed: 16385371293045752348

25 MisterOstroum the Firebug (level 2, -5/20 HPs)
             Began as a Draconian Fire Elementalist on Sept 10, 2019.
             Shot with an arrow by a centaur (7 damage)
             ... on level 2 of the Dungeon on Sept 11, 2019.
             The game lasted 00:08:43 (1072 turns).

MisterOstroum the Firebug (DrFE)                    Turns: 1072, Time: 00:08:44

Health: -5/20      AC:  4    Str: 10    XL:     2   Next: 86%
Magic:  5/5        EV: 12    Int: 15    God:
Gold:   33         SH:  0    Dex: 11    Spells: 2/5 levels left

rFire    + . .     SeeInvis .   g - +0 short sword
rCold    + . .     Gourm    .   (no shield)
rNeg     . . .     Faith    .   (armour unavailable)
rPois    .         Spirit   .   (helmet restricted)
rElec    .         Reflect  .   h - scarf {rC+ rF+}
rCorr    .         Harm     .   (no gloves)
MR       .....                  (no boots)
Stlth    ++........             (no amulet)
HPRegen  0.06/turn              (no ring)
MPRegen  0.09/turn              (no ring)

@: no status effects
A: unfitting armour, cold-blooded, AC +4
a: no special abilities


You were on level 2 of the Dungeon.
You were hungry.

You visited 1 branch of the dungeon, and saw 2 of its levels.

You collected 33 gold pieces.

Inventory:

Hand Weapons
 c - a +0 club
 d - a +0 hunting sling
 g - a +0 short sword (weapon)
Missiles
 a - 26 stones (quivered)
Armour
 h - a scarf of resistance (worn)
Jewellery
 l - a cursed ring of attention {unknown}
 n - an uncursed ring of magical power {unknown}
Scrolls
 f - a scroll of magic mapping {unknown}
 i - a scroll of teleportation {unknown}
 m - a scroll of blinking {unknown}
 o - a scroll of remove curse {unknown}
Potions
 b - a potion of berserk rage {unknown}
 j - 2 potions of haste {unknown}
 k - a potion of lignification {unknown}
Comestibles
 e - 2 rations


   Skills:
 - Level 1.7 Dodging
 - Level 1.7 Stealth
 - Level 2.0 Spellcasting
 * Level 1.6 Conjurations
 + Level 3.9 Fire Magic


You had 2 spell levels left.
You knew the following spells:

 Your Spells              Type           Power        Failure   Level  Hunger
a - Flame Tongue          Conj/Fire      #....        7%          1    #......
b - Throw Flame           Conj/Fire      #.....       11%         2    ###....

Your spell library contained the following spells:

 Spells                   Type           Power        Failure   Level  Hunger
 Conjure Flame            Conj/Fire      #.......     22%         3    ###....
 Inner Flame              Hex/Fire       #.......     30%         3    ###....
 Sticky Flame             Conj/Fire      #.......     56%         4    #####..
 Fireball                 Conj/Fire      #.........   89%         5    ######.


Dungeon Overview and Level Annotations

Branches:
Dungeon (2/15)

Altars:


Innate Abilities, Weirdness & Mutations

Your plain brown scales are hard. (AC +4)
You cannot fit into any form of body armour.
You are cold-blooded and may be slowed by cold attacks.


Message History

Casting: Flame Tongue (safe; 9% risk of failure)
Confirm with . or Enter, or press ? or * to list all spells.
You can't see any susceptible monsters within range! (Use Z to cast anyway.) Firing (i - inventory)
a - 27 stones (quivered)
Press: ? - help, Shift-Dir - straight line, f - kobold
Aim: a kobold You shoot a stone.
The stone barely misses the kobold.
Firing (i - inventory)
a - 26 stones (quivered)
Press: ? - help, Shift-Dir - straight line, f/p - kobold
Aim: a kobold You shoot a stone.
The stone hits the kobold.
You kill the kobold!
No target in view!
a - 26 stones (gained 1)
You see here a kobold corpse.
a - 27 stones (gained 1) Done exploring.
Done exploring.
There are no items here.
(D) Dungeon
Where to? (? - help)
There is a stone staircase leading down here.
You climb downwards. 2 rats and a worm come into view.
Found a rapier and a lumpy orange potion.
There is a stone staircase leading up here.
Memorise Throw Flame, consuming 2 spell levels and leaving 2?
You start memorising the spell.
You continue memorising. x2
You finish memorising.
Spell assigned to 'b'.
Casting: Flame Tongue (safe; 9% risk of failure)
Confirm with . or Enter, or press ? or * to list all spells.
Okay, then.
Unknown command.
Casting: Flame Tongue (safe; 9% risk of failure)
Confirm with . or Enter, or press ? or * to list all spells.
Aiming: Throw Flame (safe; 12% risk of failure)
Press: ? - help, Shift-Dir - straight line, f - rat
Aim: a rat (resting)
The puff of flame hits the worm.
The worm is lightly wounded.
An adder comes into view.
Firing (i - inventory)
a - 27 stones (quivered)
Press: ? - help, Shift-Dir - straight line, f/p - rat
Aim: a rat You shoot a stone.
The stone barely misses the rat.
The adder hisses angrily.
The adder barely misses you.
You climb upwards.
There is a stone staircase leading down here.
Casting: Throw Flame (safe; 12% risk of failure)
Confirm with . or Enter, or press ? or * to list all spells.
Aiming: Flame Tongue (safe; 9% risk of failure)
Press: ? - help, Shift-Dir - straight line, f - adder
Aim: an adder The flame tongue hits the adder!
The adder is almost dead.
The adder bites you.
You are poisoned.
The adder poisons you!
Casting: Flame Tongue (safe; 9% risk of failure)
Confirm with . or Enter, or press ? or * to list all spells.
Aiming: Flame Tongue (safe; 9% risk of failure)
Press: ? - help, Shift-Dir - straight line, f/p - adder
Aim: an adder (almost dead)
The flame tongue hits the adder!
You kill the adder!
You feel sick.
You start resting.
You are feeling hungry.
You feel sick.
You feel sick.
You feel sick.
You feel sick.
You are no longer poisoned.
There is a stone staircase leading down here.
You start resting.
Magic restored.
HP restored.
You climb downwards.
A centaur comes into view.
Found 17 stones.
There is a stone staircase leading up here.
Wield which item (- for none, * to show all)? (? for menu, Esc to quit)
g - a +0 short sword (weapon)
The centaur closely misses you.
You climb upwards.
There is a stone staircase leading down here.
You climb downwards.
The centaur wields a +0 shortbow.
The centaur shoots an arrow.
The arrow hits you!
Ouch! That really hurt!
The centaur shoots an arrow.
The arrow hits you.
* * * LOW HITPOINT WARNING * * *
There is a stone staircase leading up, spattered with blood here.
You see here 2 arrows.
The centaur shoots an arrow.
The arrow hits you.
* * * LOW HITPOINT WARNING * * *
You see here an arrow.
The centaur shoots an arrow.
The arrow closely misses you.
The centaur shoots an arrow.
The arrow hits you!
You die...

)..##...
!.# #..#
... .##
### ####
... #..
.. #(#
#.##.##.#
#c.(@..(#
#####.#.#
.# .. ##
##


You could see a centaur.

Vanquished Creatures
  An adder (D:1)
  A dart slug (D:1)
  2 bats (D:1)
  2 giant cockroaches (D:1)
  A goblin (D:1)
  A hobgoblin (D:1)
  A frilled lizard (D:1)
  4 kobolds (D:1)
  2 rats (D:1)
15 creatures vanquished.

Notes
Turn   | Place    | Note
-------+----------+-------------------------------------------
     0 | D:1      | MisterOstroum the Draconian Fire Elementalist began the
                  | quest for the Orb.
     0 | D:1      | Reached XP level 1. HP: 14/14 MP: 3/3
   453 | D:1      | Reached XP level 2. HP: 20/20 MP: 3/5
   959 | D:2      | Learned a level 2 spell: Throw Flame
  1063 | D:2      | Noticed a centaur
  1072 | D:2      | Shot with an arrow by a centaur

Action                   || total
-------------------------++-------
Melee: Unarmed           ||    11
       Tailslap          ||     1
 Fire: Hunting sling     ||    28
 Cast: Flame Tongue      ||    17
       Throw Flame       ||     1
Armor: Skin              ||     2
Dodge: Dodged            ||    22
